 Dungeon Crawl Stone Soup version 0.24-a0-769-g368c1644f8 (webtiles) character file.

Game seed: 916978576507060202, levelgen mode: deterministic

123 Arixos the Grave Robber (level 4, -4/32 HPs)
             Began as a Mummy Necromancer on Oct 6, 2019.
             Killed from afar by an orc wizard (6 damage)
             ... with a magic dart
             ... on level 3 of the Dungeon.
             The game lasted 00:18:45 (4143 turns).

Arixos the Grave Robber (Mummy Necromancer)         Turns: 4143, Time: 00:18:46

Health: -4/32      AC:  4    Str: 11    XL:     4   Next: 79%
Magic:  3/9        EV:  9    Int: 15    God:
Gold:   90         SH:  7    Dex: 12    Spells: 6/10 levels left

rFire    x . .     SeeInvis .   i - +0 flail
rCold    + . .     Gourm    .   e - +1 shield
rNeg     + + +     Faith    .   c - +0 leather armour
rPois    ∞         Spirit   .   (no helmet)
rElec    .         Reflect  .   (no cloak)
rCorr    .         Harm     .   (no gloves)
MR       .....                  g - +0 pair of boots
Stlth    +.........             (no amulet)
HPRegen  0.10/turn              (no ring)
MPRegen  0.11/turn              (no ring)

@: very slightly contaminated
A: no food or potions, fire vulnerability, cold resistance 1, negative energy
resistance 3, torment resistance, unbreathing
a: no special abilities


You were on level 3 of the Dungeon.
You were not hungry.

You visited 1 branch of the dungeon, and saw 4 of its levels.

You collected 90 gold pieces.

Inventory:

Hand Weapons
 i - a +0 flail (weapon)
Armour
 c - a +0 leather armour (worn)
 e - a +1 shield (worn)
 g - a +0 pair of boots (worn)
Scrolls
 a - a scroll of enchant armour
 b - a scroll of remove curse
 d - 5 scrolls of identify {unknown}
 f - 2 scrolls of magic mapping {unknown}
 h - a scroll of teleportation {unknown}
 j - a scroll of fear {unknown}


   Skills:
 - Level 1.6 Fighting
 + Level 1.1 Maces & Flails
 + Level 2.3 Dodging
 - Level 1.5 Stealth
 + Level 0.4 Shields
 + Level 3.7 Spellcasting
 + Level 4.4 Necromancy


You had 6 spell levels left.
You knew the following spells:

 Your Spells              Type           Power        Failure   Level  Hunger
a - Pain                  Necr           ###.         26%         1    N/A
d - Vampiric Draining     Necr           ###.......   61%         3    N/A

Your spell library contained the following spells:

 Spells                   Type           Power        Failure   Level  Hunger
 Animate Skeleton         Necr           N/A          26%         1    N/A
 Corona                   Hex            #......      86%         1    N/A
 Ensorcelled Hibernation  Hex/Ice        #.....       94%         2    N/A
 Animate Dead             Necr           N/A          95%         4    N/A
 Confuse                  Hex            #.......     99%         3    N/A
 Dazzling Spray           Conj/Hex       #.....       99%         3    N/A
 Tukima's Dance           Hex            #.......     99%         3    N/A
 Regeneration             Chrm/Necr      Unusable     N/A         3    N/A

Dungeon Overview and Level Annotations

Branches:
Dungeon (4/15)
 Temple: D:4-7

Altars:
Cheibriados
Elyvilon
Fedhas
Hepliaklqana
Nemelex Xobeh
Qazlal

Annotations:
D:3 1 runed translucent door, Kairok's ghost, novice VSAs


Innate Abilities, Weirdness & Mutations

You do not eat or drink.
Your flesh is vulnerable to fire.
You are immune to poison.
Your flesh is cold resistant. (rC+)
You are immune to negative energy. (rN+++)
You are immune to unholy pain and torment.
You can survive without breathing.


Message History

It is a scroll of enchant armour.
Your +0 shield glows green for a moment.
The orc hits you but does no damage.
The orc wizard hits you but does no damage.
As you read the scroll labeled HIGIJAD RAUR, it crumbles to dust.
You feel as if something is helping you.
It was a scroll of remove curse.
The orc barely misses you. The orc hits you with a +0 flail.
* * * LOW HITPOINT WARNING * * *
The orc wizard barely misses you. The orc hits you with a +0 flail.
* * * LOW HITPOINT WARNING * * *
The orc wizard mumbles some strange words.
The orc wizard seems to speed up.
The orc closely misses you.
The orc wizard gestures wildly while chanting.
The orc wizard blinks!
The orc wizard gestures at you while chanting.
The magic dart hits you.
You die...

####### #...... #......
############### #......
#.............# #......
#######.............#######......
....................o....##......
.............<..@.o.§....##†.....
..####..............._...##......
..####.####..............##......
........# ####...........'.......
........# #...........##......
........### #..o..........#.....
..........# #...................
########'.# #...................
.)......#.# #####.#.............


You could see an orc wizard and 2 orcs.

Vanquished Creatures
  An adder (D:2)
  A worm (D:2)
  2 dart slugs
  A leopard gecko (D:3)
  9 orcs
  2 ball pythons
  7 bats
  7 giant cockroaches
  14 goblins
  13 hobgoblins
  6 jackals
  A quokka (D:3)
  4 frilled lizards
  8 kobolds
  A leopard gecko zombie (D:2)
  8 rats
85 creatures vanquished.

Notes
Turn   | Place    | Note
-------+----------+-------------------------------------------
     0 | D:1      | Arixos the Mummy Necromancer began the quest for the Orb.
     0 | D:1      | Reached XP level 1. HP: 13/13 MP: 4/4
   524 | D:1      | Reached XP level 2. HP: 20/20 MP: 2/5
   754 | D:1      | Reached skill level 1 in Fighting
  1049 | D:2      | Found a sparkling altar of Nemelex Xobeh.
  1089 | D:2      | Noticed an earth elemental
  1091 | D:2      | Found a stormy altar of Qazlal.
  1099 | D:2      | Reached XP level 3. HP: 23/26 MP: 2/7
  1152 | D:2      | Noticed a water elemental
  1152 | D:2      | Noticed an air elemental
  1152 | D:2      | Noticed a fire elemental
  1220 | D:2      | Found a blossoming altar of Fedhas.
  1453 | D:2      | Found a snail-covered altar of Cheibriados.
  1813 | D:2      | Learned a level 3 spell: Vampiric Draining
  2177 | D:3      | Reached XP level 4. HP: 31/32 MP: 9/9
  2562 | D:3      | Found a hazy altar of Hepliaklqana.
  2578 | D:3      | Reached skill level 1 in Maces & Flails
  3078 | D:3      | Noticed an ogre
  3356 | D:3      | Found a white marble altar of Elyvilon.
  3402 | D:3      | Found a runed translucent door.
  3403 | D:3      | Noticed Kairok's ghost (novice VSAs)
  3720 | D:4      | Noticed an ogre
  4143 | D:3      | Killed from afar by an orc wizard

Levels and vault maps discovered:
D:1:      minmay_arrival_cross, layout_rooms
D:2:      layout_basic, nemelex_xobeh_ov_fountains_minmay,
          nicolae_qazlal_style_of_elements, kennysheep_slug_shrine,
          first_ration, fedhas_altar_fruit_tree
D:3:      minmay_diamond_boxcup, layout_basic, elyvilon_altar_1,
          overflow_temple_1_default, gammafunk_ghost_grave,
          kennysheep_decorative_pillar, minivault_11, minmay_misc_feat_doors,
          minmay_ogre_servants
D:4:      gammafunk_cloud_chamber, layout_cave_pools,
          lemuel_coloured_pillars_altar, serial_bayou_pond_a,
          minmay_mini_ossuary

Skill      XL: |  1  2  3  4 |
---------------+-------------+-----
Spellcasting   | 3 |  3.7
Fighting       | 1 |  1.6
Dodging        | 2 |  2.3
Maces & Flails | 1 |  1.1
Stealth        | |  1.5
Shields        | |  0.4
Necromancy     | |  4.4

Action                   |  1- 3 |  4- 6 || total
-------------------------+-------+-------++-------
Melee: Club              |    15 |       ||    15
       Whip              |    69 |    24 ||    93
       Flail             |       |    90 ||    90
 Cast: Pain              |    56 |    19 ||    75
       Vampiric Draining |     1 |     4 ||     5
  Use: Scroll            |       |     2 ||     2
 Stab: Sleeping          |     1 |     3 ||     4
Armor: Leather armour    |    32 |    45 ||    77
Dodge: Dodged            |    75 |    79 ||   154
Block: Shield            |       |    48 ||    48

Table legend:
 A = Non-vault XP
 B = Vault XP
 C = Vault XP percentage of total XP
 D = Non-vault monster count
 E = Vault monster count
 F = Vault count percentage of total count
                 A         B        C        D         E       F
            +---------+---------+-------+---------+---------+-------
      Total |     138 |      38 |  21.6 |      67 |      18 |  21.2
            +---------+---------+-------+---------+---------+-------
        D:1 |      35 |       0 |   0.0 |      18 |       0 |   0.0
        D:2 |      58 |       4 |   6.5 |      23 |       1 |   4.2
        D:3 |      45 |      34 |  43.0 |      26 |      17 |  39.5
            +---------+---------+-------+---------+---------+-------
